 Dungeon Crawl Stone Soup version 0.22-a0-587-g7d32d7c (webtiles) character file.

93 iamserjio the Chopper (level 4, -7/31 HPs)
             Began as a Halfling Berserker on July 4, 2018.
             Was a Believer of Trog.
             Mangled by a gnoll
             ... wielding a cursed -2 whip
              (9 damage)
             ... on level 2 of the Dungeon.
             The game lasted 00:02:36 (272 turns).

iamserjio the Chopper (Halfling Berserker)           Turns: 272, Time: 00:02:37

Health: -7/31      AC:  2    Str: 19    XL:     4   Next: 92%
Magic:  4/4        EV:  8    Int:  5    God:    Trog [**....]
Gold:   17         SH:  0    Dex: 13    Spells: 3/3 levels left

rFire    . . .     SeeInvis .   a - +0 hand axe
rCold    . . .     Gourm    .   (shield restricted)
rNeg     . . .     Faith    .   b - +0 animal skin
rPois    .         Spirit   .   (no helmet)
rElec    .         Reflect  .   (no cloak)
rCorr    .         Harm     .   (no gloves)
MR       .....                  (no boots)
Stlth    +.........             (no amulet)
HPRegen  0.10/turn              (no ring)
MPRegen  0.09/turn              (no ring)

@: lethally poisoned (-7 -> -10), berserk cooldown, held, slowed, very slow
A: small, mutation resistance 1
a: Berserk, Trog's Hand, Renounce Religion


You were on level 2 of the Dungeon.
You worshipped Trog.
Trog was pleased with you.
You were very hungry.

You visited 1 branch of the dungeon, and saw 2 of its levels.

You collected 17 gold pieces.

Inventory:

Hand Weapons
 a - a +0 hand axe (weapon)
Armour
 b - a +0 animal skin (worn)
Scrolls
 g - 2 scrolls of remove curse {unknown}
 h - a scroll of noise {unknown}
Potions
 d - 3 potions of flight {unknown}
 e - a potion of might {unknown}
 i - a potion of ambrosia {unknown}
Comestibles
 c - 4 rations
 f - 2 chunks of flesh


   Skills:
 + Level 3.1 Fighting
 * Level 3.9 Axes
 * Level 3.4 Armour
 + Level 2.9 Dodging


You had 3 spell levels left.
You didn't know any spells.
Your spell library was empty.

Dungeon Overview and Level Annotations

Branches:
Dungeon (2/15)

Altars:


Innate Abilities, Weirdness & Mutations

You are small and have problems with some larger weapons.
You are somewhat resistant to further mutation.


Message History

Trog accepts your kill.
You can now call upon Trog for regeneration and magic resistance.
You slash the gnoll!
You kill the gnoll!
Trog accepts your kill.
You feel sick.
The gnoll throws a throwing net.
The throwing net hits you.
You become entangled in the net!
You tear a large gash into the net.
You struggle against the net.
You feel a strong urge to attack something.
You are no longer berserk.
You are exhausted.
You feel yourself slow down. The goblin hits you with a dagger.
* * * LOW HITPOINT WARNING * * *
You struggle against the net.
* * * LOW HITPOINT WARNING * * *
You feel sick. The gnoll closely misses you. The goblin closely misses you.
The gnoll hits you with a whip!
You die...

#. #.### # ###### #).
#####'#### #. #....# #..
#........# #.#....# #.#
#........# #......#
#.####........# #.....#
#.....####†#### ##.....#
#...........#
#......###gg.........#
#.#......(@(.........#
#....###...........#
#......#...#.......#<##..##
#......#...#.##.##.#.##..#
#......#...#.##.##.#.....#
#......#...#.##.##.#####..
##......#.#+#.##.##'########
........#.....##...).......#
........#...)<##.........(.#


You could see a gnoll and a goblin.

Vanquished Creatures
  5 gnolls (D:2)
  3 adders (D:2)
  A worm (D:2)
  A leopard gecko (D:1)
  A bat (D:2)
  2 goblins (D:2)
  4 hobgoblins
  A kobold (D:2)
  2 rats (D:2)
20 creatures vanquished.

Notes
Turn   | Place    | Note
-------+----------+-------------------------------------------
     0 | D:1      | iamserjio the Halfling Berserker began the quest for the Orb.
     0 | D:1      | Reached XP level 1. HP: 15/15 MP: 1/1
    76 | D:2      | Reached XP level 2. HP: 15/20 MP: 2/2
   139 | D:2      | Reached XP level 3. HP: 20/25 MP: 3/3
   154 | D:2      | Reached XP level 4. HP: 17/31 MP: 4/4
   269 | D:2      | Reached ** piety under Trog
   272 | D:2      | Mangled by a gnoll

Vault maps used:
D:1:      dpeg_arrival_pond, serial_bayou_lake_a
D:2:      first_ration, columned_hall_lemuel

Skill      XL: |  1  2  3 |
---------------+----------+-----
Armour         | 3 |  3.4
Fighting       | 3 |  3.1
Axes           | |  3.9
Dodging        | |  2.9

Action                   |  1- 3 |  4- 6 || total
-------------------------+-------+-------++-------
Melee: Hand axe          |    31 |    20 ||    51
Invok: Berserk           |     2 |     1 ||     3
Armor: Animal skin       |     2 |     3 ||     5
Dodge: Dodged            |    41 |    21 ||    62

Table legend:
 A = Spawn XP
 B = Non-spawn XP
 C = Spawn XP percentage of total XP
 D = Spawn monster count
 E = Non-spawn monster count
 F = Spawn count percentage of total count
 G = Total turns spent on level
                    A         B        C        D         E        F      G
               +---------+---------+-------+---------+---------+-------+---------
         Total |       0 |     134 |   0.0 |       0 |      20 |   0.0 |   272
               +---------+---------+-------+---------+---------+-------+---------
           D:1 |       0 |       5 |   0.0 |       0 |       2 |   0.0 |    83
           D:2 |       0 |     129 |   0.0 |       0 |      18 |   0.0 |   189
               +---------+---------+-------+---------+---------+-------+---------
